 Dungeon Crawl Stone Soup version 0.31.0-12-g77e489cdc1 (webtiles) character file.

Game seed: 10306094644442555173

6906 KKCryptic the Destroyer (level 10, -2/81 HPs)
             Began as a Yellow Draconian Conjurer on Feb 16, 2024.
             Was a Follower of Sif Muna.
             Slain by a freezing wraith (12 damage)
             ... on level 10 of the Dungeon on Feb 21, 2024.
             The game lasted 01:17:34 (11133 turns).

KKCryptic the Destroyer (DrCj)                     Turns: 11133, Time: 01:17:34

Health: -2/81      AC: 13    Str: 10    XL:     10   Next: 79%
Magic:  5/17       EV: 13    Int: 22    God:    Sif Muna [*.....]
Gold:   437        SH:  0    Dex: 10    Spells: 5/19 levels left

rFire   . . .        D - +5 scimitar (flame)
rCold   . . .        (no shield)
rNeg    . . .        (body armour unavailable)
rPois   +            o - +2 hat {SInv}
rElec   .            G - +1 cloak
rCorr   +            (no gloves)
SInv    +            v - +1 pair of boots
Will    .....        F - amulet of faith
Stlth   +++          s - ring of poison resistance
HPRegen 0.33/turn    w - ring of flight
MPRegen 0.15/turn

%: faith
@: flying, very slightly contaminated, slowed, very slow
A: spit acid, AC +7, unfitting armour, cold-blooded, acid resistance
a: Breathe Acid, Renounce Religion, Channel Magic


You were on level 10 of the Dungeon.
You worshipped Sif Muna.
Sif Muna was aware of your devotion.
You visited 2 branches of the dungeon, and saw 11 of its levels.

You collected 492 gold pieces.
You spent 55 gold pieces at shops.

Inventory:

Hand Weapons
 n - a +1 spear of flaming
 x - a +3 flail of protection
 D - a +5 scimitar of flaming (weapon)
Missiles
 a - 23 poisoned darts
 h - a curare-tipped dart
Armour
 o - a +2 hat of see invisible (worn)
 v - a +1 pair of boots (worn)
 G - a +1 cloak (worn)
Jewellery
 s - a ring of poison resistance (left hand)
 w - a ring of flight (right hand)
 B - a ring of willpower
 C - a ring of fire
 F - an amulet of faith (around neck)
Wands
 l - a wand of paralysis (15)
 m - a wand of quicksilver (21)
 u - a wand of flame (37)
 A - a wand of digging (8)
Scrolls
 c - a scroll of silence {unknown}
 f - 3 scrolls of amnesia
 g - a scroll of teleportation
 i - a scroll of poison {unknown}
 p - 3 scrolls of immolation
 q - a scroll of vulnerability {unknown}
 t - 2 scrolls of torment {unknown}
 y - a scroll of fear
Potions
 b - 3 potions of curing
 d - a potion of might
 k - 2 potions of enlightenment
 z - a potion of brilliance
 E - a potion of lignification


   Skills:
 - Level 5.0 Fighting
 + Level 2.7 Long Blades
 - Level 2.1 Maces & Flails
 - Level 2.0 Polearms
 - Level 1.0 Throwing
 - Level 5.0 Dodging
 - Level 5.0 Stealth
 - Level 5.0 Spellcasting
 - Level 10.0 Conjurations
 - Level 5.0 Alchemy
 - Level 5.0 Invocations
 - Level 5.0 Evocations


You had 5 spell levels left.
You knew the following spells:

 Your Spells              Type           Power      Damage    Failure   Level
a - Sting                 Conj/Alch      100%       1d9       1%          1
b - Magic Dart            Conj           100%       1d8       1%          1
d - Mercury Vapours       Alch/Air       32%        N/A       5%          2
f - Fulminant Prism       Conj/Alch      19%        3d10      4%          4
s - Searing Ray           Conj           98%        2d8       1%          2
z - Iskenderun's Mystic   Conj/Tloc      27%        2d7       13%         4

Your spell library contained the following spells:

 Spells                   Type           Power      Damage    Failure   Level
 Olgreb's Toxic Radiance  Alch           27%        N/A       13%         4
 Ensorcelled Hibernation  Hex/Ice        10%        N/A       16%         2
 Passwall                 Erth           5%         N/A       30%         3
 Swiftness                Air            5%         N/A       30%         3


Dungeon Overview and Level Annotations

Branches:
Dungeon (10/15)            Temple (1/1) D:6
   Lair: D:8-11         Orc: D:9-12

Altars:
Ashenzari
Cheibriados
Dithmenos
Elyvilon
Fedhas
Gozag
Hepliaklqana
Kikubaaqudgha
Nemelex Xobeh
Okawaru
Qazlal
Ru
Sif Muna
Trog
Uskayaw
Vehumet
Wu Jian
Xom
Yredelemnul
Zin

Shops:
D:4 !   D:6 :

Annotations:
D:9 3 runed translucent doors, AbbaRin's ghost, novice DECj
D:10 Gastronok; Nergalle


Innate Abilities, Weirdness & Mutations

You can spit globs of acid.
Your golden yellow scales are hard. (AC +7)
You cannot fit into any form of body armour.
You are cold-blooded and may be slowed by cold attacks.
You are resistant to acid. (rCorr)


Message History

The floor.
As you read the scroll of teleportation, it crumbles to dust.
You feel strangely unstable.
Your surroundings suddenly seem different.
Found a scroll of identify.
Found a stone staircase leading down.
You start resting.
A freezing wraith comes into view.
Aiming: Throw Flame
Press: ? - help, Shift-Dir - straight line, f - freezing wraith
Aim: a freezing wraith (wandering, hasn't noticed you, 74% to hit)
The puff of flame hits the freezing wraith but does no damage.
Casting: Iskenderun's Mystic Blast (dangerous; 13% risk of failure)
Confirm with . or Enter, or press ? or * to list all spells.
Aiming: Sting (safe; 1% risk of failure)
Press: ? - help, Shift-Dir - straight line, f/p - freezing wraith
Aim: a freezing wraith (78% to hit)
Okay, then.
Casting: Sting (safe; 1% risk of failure)
Confirm with . or Enter, or press ? or * to list all spells.
You miscast Iskenderun's Mystic Blast.
You are very lightly contaminated with residual magic.
Nothing appears to happen.
The freezing wraith hits you but does no damage. x2
Casting: Iskenderun's Mystic Blast (dangerous; 13% risk of failure)
Confirm with . or Enter, or press ? or * to list all spells.
You miscast Iskenderun's Mystic Blast.
Nothing appears to happen.
The freezing wraith barely misses you. The freezing wraith hits you!
* * * LOW HITPOINT WARNING * * *
The freezing wraith drains your vigour!
You feel yourself slow down.
Aiming: Throw Flame
Press: ? - help, Shift-Dir - straight line, f/p - freezing wraith
Aim: a freezing wraith (74% to hit)
The puff of flame hits the freezing wraith!
The freezing wraith is burned terribly!
The freezing wraith is lightly damaged.
The freezing wraith hits you!
* * * LOW HITPOINT WARNING * * *
The freezing wraith freezes you!
You feel as though you will be slow longer.
You die...

####.).#....#<.##....K
#.#...####.## ...
###.##..# ..# .
###.......# ..##
.?ยง.o..#..##.#
..######..#.. #### .##
##.... ..# ## #..##
#W##### ...# #@..?.# #
#####.># # .. #.. #..
##


You could see a freezing wraith.

Vanquished Creatures
  Erica (D:8)
  A rime drake (D:10)
  Maggie (D:6)
  Psyche (D:8)
  A troll (D:9)
  Grinder (D:6)
  Eustachio (D:4)
  A wyvern (D:7)
  2 vampire mosquitoes (D:7)
  Edmund (D:5)
  4 steam dragons
  An acid dragon (D:8)
  A water moccasin (D:6)
  3 orc warriors
  An ice beast (D:10)
  3 black bears
  A wolf (D:9)
  4 centaurs
  4 ogres
  4 kobold brigands
  2 bullfrogs
  2 gnoll sergeants (D:6)
  6 scorpions
  3 wights
  9 killer bees
  4 hounds
  6 orc priests
  4 jellies
  4 sleepcaps
  6 orc wizards
  Ijyb (D:4)
  2 iguanas (D:6)
  Robin (D:3)
  6 adders
  8 gnolls (D:6)
  2 shadow imps
  A ribbon worm (D:3)
  A dart slug (D:1)
  25 orcs
  7 endoplasms
  A giant cockroach (D:1)
  14 goblins
  10 hobgoblins
  6 jackals
  6 quokkas
  5 ball pythons
  7 bats
  8 frilled lizards
  15 kobolds
  2 rats
211 creatures vanquished.

Vanquished Creatures (others)
  14 fulminant prisms
14 creatures vanquished.

Grand Total: 225 creatures vanquished

Notes
Turn   | Place    | Note
-------+----------+-------------------------------------------
     0 | D:1      | KKCryptic the Draconian Conjurer began the quest for the
                  | Orb.
     0 | D:1      | Reached XP level 1. HP: 14/14 MP: 3/3
   235 | D:1      | Reached XP level 2. HP: 22/22 MP: 0/5
   331 | D:1      | Reached skill level 1 in Fighting
   359 | D:1      | Learned a level 2 spell: Searing Ray
   967 | D:2      | Reached XP level 3. HP: 28/28 MP: 4/6
  1288 | D:2      | Reached skill level 1 in Throwing
  1528 | D:2      | Found an ornate altar of the Wu Jian Council.
  1540 | D:2      | Reached skill level 5 in Conjurations
  1972 | D:3      | Noticed Robin
  2037 | D:2      | Reached XP level 4. HP: 34/35 MP: 2/7
  2143 | D:3      | HP: 1/52 [Robin/+5 club (4)]
  2144 | D:3      | Killed Robin
  2145 | D:3      | Reached skill level 1 in Polearms
  2875 | D:4      | Noticed Eustachio
  2895 | D:4      | Killed Eustachio
  2896 | D:4      | Reached skill level 6 in Conjurations
  2896 | D:4      | Reached XP level 5. HP: 31/40 MP: 2/8
  2979 | D:4      | Found Paotu's Distillery.
  2987 | D:4      | Bought a potion of heal wounds for 55 gold pieces
  2993 | D:4      | Noticed an ogre
  3004 | D:4      | Killed an ogre
  3005 | D:4      | Reached XP level 6. HP: 47/47 MP: 1/9
  3107 | D:4      | Reached skill level 7 in Conjurations
  3246 | D:4      | Found an opulent altar of Gozag.
  3375 | D:4      | Your scales start taking on a golden yellow colour.
  3375 | D:4      | Reached XP level 7. HP: 52/52 MP: 6/10
  3375 | D:4      | Gained mutation: You are resistant to acid. (rCorr) [Yellow
                  | Draconian growth]
  3457 | D:4      | Reached skill level 1 in Evocations
  3680 | D:4      | Reached skill level 8 in Conjurations
  3712 | D:4      | Noticed Ijyb
  3728 | D:4      | Killed Ijyb
  3920 | D:5      | Entered Level 5 of the Dungeon
  4403 | D:5      | Reached skill level 1 in Alchemy
  4405 | D:5      | Learned a level 1 spell: Sting
  4410 | D:5      | Learned a level 4 spell: Fulminant Prism
  4413 | D:5      | Learned a level 2 spell: Mercury Vapours
  4426 | D:5      | Reached XP level 8. HP: 49/59 MP: 4/11
  5070 | D:5      | Reached skill level 9 in Conjurations
  5129 | D:6      | Noticed Edmund
  5129 | D:6      | Noticed Maggie
  5843 | D:5      | Killed Edmund
  5844 | D:5      | Reached skill level 5 in Evocations
  6060 | D:6      | Found a sparkling altar of Nemelex Xobeh.
  6082 | D:6      | Found Qaboxino's Self-Published Books.
  6094 | D:6      | Killed Maggie
  6095 | D:6      | Reached XP level 9. HP: 24/64 MP: 5/16
  6283 | D:6      | Noticed Grinder
  6288 | D:6      | Paralysed by Grinder for 3 turns
  6294 | D:6      | Reached skill level 5 in Spellcasting
  6299 | D:6      | Reached skill level 10 in Conjurations
  6334 | D:6      | Killed Grinder
  6342 | D:6      | HP: 4/102 [gnoll/+0 whip[a gnoll sergeant] (5)]
  6770 | D:6      | Found a staircase to the Ecumenical Temple.
  6788 | Temple   | Entered the Ecumenical Temple
  6797 | Temple   | Became a worshipper of Sif Muna the Loreminder
  6810 | Temple   | Learned a level 4 spell: Iskenderun's Mystic Blast
  7133 | D:7      | Reached skill level 1 in Invocations
  7276 | D:7      | Found a hide-covered altar of Uskayaw.
  7277 | D:7      | Found an ancient bone altar of Kikubaaqudgha.
  7911 | D:7      | Reached XP level 10. HP: 47/78 MP: 2/17
  8336 | D:8      | Reached * piety under Sif Muna
  8704 | D:8      | Reached skill level 1 in Maces & Flails
  8727 | D:8      | Noticed Psyche
  8731 | D:8      | Killed Psyche
  9096 | D:8      | Noticed Erica
  9112 | D:8      | Killed Erica
  9821 | D:9      | Reached skill level 5 in Fighting
 10190 | D:9      | Found a runed translucent gate.
 10190 | D:9      | Found a runed translucent gate.
 10190 | D:9      | Found a runed translucent gate.
 10191 | D:9      | Found an opulent altar of Gozag.
 10192 | D:9      | Noticed a deep elf zephyrmancer
 10193 | D:9      | Noticed AbbaRin's ghost (novice DECj)
 10563 | D:9      | Reached skill level 1 in Long Blades
 10563 | D:9      | Reached skill level 5 in Stealth
 10688 | D:10     | Entered Level 10 of the Dungeon
 10688 | D:10     | Noticed a gargoyle
 11021 | D:10     | Reached skill level 5 in Dodging
 11050 | D:10     | Reached skill level 5 in Alchemy
 11050 | D:10     | Reached skill level 5 in Invocations
 11062 | D:10     | Noticed Gastronok
 11119 | D:10     | Noticed Nergalle
 11133 | D:10     | Slain by a freezing wraith

Illustrated notes

Levels and vault maps discovered:
D:1:      minmay_arrival_jagged, layout_rooms
D:2:      layout_basic, basic_altar, serial_curves, eino_curves_02,
          eino_curves_01, eino_curves_03, grunt_decor_fettered
D:3:      layout_rooms, minivault_19, grunt_decor_resistance,
          minmay_fountain_box, kennysheep_generic_room_13, uniq_robin
D:4:      layout_basic, mainiacjoe_overflow_alcove_4, serial_shops, shop,
          dk_noncrumbling_2, corner_web_ring, uniq_ijyb, uniq_eustachio
D:5:      layout_basic, minmay_quadrilaterals
D:6:      layout_cave_pools, general_overflow_altar,
          minmay_temple_entry_statues_pillars, nicolae_custom_books,
          hangedman_abyss_or_decor_slice, uniq_edmund, uniq_grinder, uniq_maggie
D:7:      layout_loops_corners, nicolae_overflow_squiral, st_stairs_14
D:8:      layout_rooms, uniq_psyche, uniq_erica
D:9:      layout_long_grid, ebering_ghost_gozag, minmay_misc_feat_secret_circle
D:10:     layout_rooms, tso_altar, bloody_makhleb, hellmonk_lair_entry_icy,
          orc_0_dummy, serial_shops, shop, uniq_nergalle, uniq_gastronok
Temple:   lightli_temple_of_artemis

Skill      XL: |  1  2  3  4  5  6  7  8  9 10 |
---------------+-------------------------------+-----
Stealth        | 2 4 5 |  5.0
Dodging        | 2 3 5 |  5.0
Fighting       | 1 3 5 |  5.0
Throwing       | 1 |  1.0
Conjurations   | 5 6 7 8 9 10 | 10.0
Polearms       | 2 |  2.0
Evocations     | 3 5 |  5.0
Alchemy        | 1 3 5 |  5.0
Spellcasting   | 4 5 |  5.0
Invocations    | 2 5 |  5.0
Maces & Flails | 2 |  2.1
Long Blades    | 2 |  2.7

Action                     |  1- 3 |  4- 6 |  7- 9 | 10-12 || total
---------------------------+-------+-------+-------+-------++-------
  Melee: Unarmed           |    24 |       |       |       ||    24
         Tailslap          |     5 |     8 |    14 |     3 ||    30
         Spear             |     6 |    73 |    50 |     7 ||   136
         Dagger            |     4 |       |       |       ||     4
         Punch             |       |     1 |       |     1 ||     2
         Flail             |       |       |       |    24 ||    24
         Scimitar          |       |       |       |    20 ||    20
  Throw: Stone             |     1 |       |       |       ||     1
   Cast: Magic Dart        |    60 |    36 |    89 |    22 ||   207
         Searing Ray       |     6 |     6 |    36 |     7 ||    55
         Sting             |       |       |    55 |    27 ||    82
         Mercury Vapours   |       |       |     9 |    21 ||    30
         Fulminant Prism   |       |       |     5 |    10 ||    15
         Iskenderun's Myst |       |       |       |    14 ||    14
 Invoke: Channel Magic     |       |       |       |     1 ||     1
Ability: Breathe Acid      |       |       |    19 |     8 ||    27
  Evoke: Wand              |       |       |     3 |    16 ||    19
    Use: Potion            |       |     3 |     6 |       ||     9
         Scroll            |       |       |    10 |    10 ||    20
   Stab: Sleeping          |       |     2 |       |       ||     2
 Armour: Skin              |    32 |    63 |   163 |   143 ||   401
  Dodge: Dodged            |    27 |    46 |   128 |   131 ||   332
